 Dungeon Crawl Stone Soup version 0.31-a0-640-g39d97e502b (webtiles) character file.

Game seed: 4485491084348960043

108 qw the Shooter (level 4, 0/28 HPs)
             Began as a Gargoyle Hunter on Aug 27, 2023.
             Slain by a lemure (6 damage)
             ... led by Pikel
             ... on level 4 of the Dungeon.
             The game lasted 00:00:55 (2299 turns).

qw the Shooter (Gargoyle Hunter)                    Turns: 2299, Time: 00:00:56

Health: 0/28       AC: 13    Str: 14    XL:     4   Next: 87%
Magic:  4/4        EV:  7    Int: 10    God:
Gold:   72         SH:  0    Dex: 15    Spells: 3/3 levels left

rFire   . . .        Y - +1 shortbow
rCold   . . .        (shield currently unavailable)
rNeg    + . .        g - +0 ring mail
rPois   inf          (no helmet)
rElec   +            (no cloak)
rCorr   .            a - +0 pair of gloves
SInv    .            (no boots)
Will    .....        (no amulet)
Stlth   +            o - +4 ring of protection
HPRegen 0.24/turn    (no ring)
MPRegen 0.09/turn

%: no passive effects
@: about to teleport, constricted
A: sickness immunity, AC +3, negative energy resistance 1, electricity
resistance, torment resistance 1, petrification resistance
a: no special abilities


You were on level 4 of the Dungeon.
You visited 1 branch of the dungeon, and saw 4 of its levels.

You collected 193 gold pieces.
You spent 121 gold pieces at shops.


Innate Abilities, Weirdness & Mutations

You are immune to sickness and miasma.
Your stone body is resilient. (AC +3)
You are immune to poison.
You resist negative energy. (rN+)
You are resistant to electric shocks. (rElec)
You are resistant to unholy torment.
You are immune to petrification.


   Skills:
 - Level 3.0 Fighting
 + Level 5.6 Ranged Weapons
 - Level 1.0 Armour
 - Level 1.5 Dodging
 - Level 1.1 Stealth


You had 3 spell levels left.
You didn't know any spells.
Your spell library was empty.

Inventory:

Hand Weapons
 Y - a +1 shortbow (weapon)
Armour
 a - a +0 pair of gloves (worn)
 g - a +0 ring mail (worn)
Jewellery
 o - a +4 ring of protection (left hand)
Scrolls
 f - a scroll of identify
Potions
 b - 4 potions of curing
 h - a potion of mutation
 i - a potion of haste {unknown}
 l - a potion of enlightenment {unknown}
 n - a potion of might

Dungeon Overview and Level Annotations

Branches:
Dungeon (4/15)
 Temple: D:4-7

Altars:

Shops:
D:3 [

Annotations:
D:4 Pikel


Message History

You shoot an arrow.
The arrow barely misses the ball python.
You hear the slow hiss of an avalanche of sand nearby.
A lemure comes into view.
The lemure hits you. The orc barely misses you.
The ball python barely misses you. The ball python constricts you.
The quokka bites you but does no damage.
You shoot an arrow.
The arrow closely misses the ball python.
The ball python bites you but does no damage.
The ball python constricts you.
Pikel says, "You'll make a fine lemure."
The quokka completely misses you. The lemure hits you but does no damage.
The orc hits you with a +0 club.
The ball python bites you but does no damage.
The ball python constricts you. The lemure hits you.
The orc hits you but does no damage. The quokka barely misses you.
You shoot an arrow. The arrow hits the ball python.
The ball python is severely wounded.
The ball python barely misses you. The ball python constricts you.
The quokka bites you but does no damage.
The orc hits you but does no damage.
Pikel hits you with a +1 whip of freezing.
Pikel freezes you. The lemure hits you but does no damage.
The lemure barely misses you.
You shoot an arrow.
The arrow closely misses the ball python.
The ball python bites you. The ball python constricts you.
The quokka bites you but does no damage.
Pikel hits you but does no damage. The lemure completely misses you.
The orc hits you but does no damage. The lemure hits you!
The quokka bites you but does no damage.
The ball python bites you but does no damage.
The ball python constricts you.
2299 ||| READING scroll of teleportation.
As you read the scroll of teleportation, it crumbles to dust.
You feel strangely unstable. Pikel hits you but does no damage.
The lemure hits you but does no damage. The orc hits you but does no damage.
The lemure hits you.
You die...

##### ..> ...
. ... #..
###.#
....#..5##
##....5oK##.#
.......@<...#
......Sr5.^##
.......K....#
..........#..#
...........
...
............
..
.............
.
..............


You could see Pikel, 3 lemures, an orc, a quokka, a ball python and a kobold.

Vanquished Creatures
  A lemure (D:3)
  An iguana (D:3)
  A worm (D:3)
  2 dart slugs
  2 orcs (D:3)
  13 endoplasms
  2 giant cockroaches
  8 goblins
  A hobgoblin (D:2)
  2 jackals (D:2)
  4 kobolds
  7 quokkas
  5 ball pythons
  3 bats
  4 frilled lizards
  7 rats
63 creatures vanquished.

Notes
Turn   | Place    | Note
-------+----------+-------------------------------------------
     0 | D:1      | qw the Gargoyle Hunter began the quest for the Orb.
     0 | D:1      | Reached XP level 1. HP: 12/12 MP: 1/1
     0 | D:1      | 0 ||| qw: Version: 0.3-a-74-g0d5e918
     0 | D:1      | 0 ||| qw: Game counter: 34
     0 | D:1      | 0 ||| qw: Melee chars always use a shield: true
     0 | D:1      | 0 ||| qw: God list: Okawaru
     0 | D:1      | 0 ||| qw: Allow faded altars: false
     0 | D:1      | 0 ||| qw: Do Orc after clearing Dungeon:15 true
     0 | D:1      | 0 ||| qw: Do second Lair branch before Depths: true
     0 | D:1      | 0 ||| qw: Lair rune preference: random
     0 | D:1      | 0 ||| qw: Goals: Normal
     0 | D:1      | 0 ||| PLANNING D:1-11
    48 | D:1      | Reached XP level 2. HP: 17/17 MP: 2/2
   405 | D:1      | 405 ||| UPGRADING to +0 ring mail.
   415 | D:1      | 415 ||| DROPPING +0 leather armour.
   416 | D:1      | 416 ||| UPGRADING to +4 ring of protection.
   417 | D:1      | 417 ||| READING scroll labelled MUYTIMEOQA.
   418 | D:1      | 418 ||| READING scroll labelled KYAMAATW ROUSI.
   419 | D:1      | 419 ||| READING 3 scrolls labelled QIRCHA PUDAKOV.
   420 | D:1      | 420 ||| READING scroll labelled ROCI FOAXTIHYPN.
   424 | D:1      | 424 ||| READING scroll labelled DELUORAKH XALY.
   525 | D:1      | 525 ||| READING 2 scrolls labelled IWKYUV AFOCKI.
   526 | D:1      | 526 ||| READING scroll labelled IRUISCH ZAPHIL.
   527 | D:1      | 527 ||| DRINKING 2 coppery potions.
   528 | D:1      | 528 ||| DRINKING 2 clear potions.
   529 | D:1      | 529 ||| READING 2 scrolls of identify.
   529 | D:1      | 529 ||| IDENTIFYING grey potion
   530 | D:1      | 530 ||| DROPPING scroll of butterflies.
   531 | D:1      | 531 ||| DROPPING scroll of amnesia.
   532 | D:1      | 532 ||| DROPPING potion of attraction.
   549 | D:2      | Reached XP level 3. HP: 18/21 MP: 3/3
   549 | D:2      | 549 ||| STAIRDANCE
   636 | D:2      | Found a faded altar of an unknown god.
   665 | D:2      | Reached skill level 1 in Armour
   931 | D:2      | Reached skill level 5 in Ranged Weapons
  1381 | D:2      | 1381 ||| READING scroll labelled FURPHY ATUCOROT.
  1382 | D:2      | 1382 ||| READING 2 scrolls of identify.
  1382 | D:2      | 1382 ||| IDENTIFYING pink potion
  1637 | D:3      | Reached XP level 4. HP: 27/27 MP: 4/4
  1673 | D:3      | Found Teixeumnul's Antique Armour Boutique.
  1681 | D:3      | 1681 ||| BUYING pair of gloves (121 gold).
  1681 | D:3      | Bought a pair of gloves for 121 gold pieces
  1681 | D:3      | 1681 ||| SHOPLISTING pair of runed boots (202 gold, have
                  | 47).
  1681 | D:3      | 1681 ||| SHOPLISTING pair of shimmering boots (256 gold,
                  | have 47).
  1681 | D:3      | 1681 ||| SHOPLISTING shiny ring mail (189 gold, have 47).
  1681 | D:3      | 1681 ||| SHOPLISTING shiny swamp dragon scales (1431 gold,
                  | have 47).
  1681 | D:3      | 1681 ||| SHOPLISTING transparent leather armour (189 gold,
                  | have 47).
  1681 | D:3      | 1681 ||| SHOPLISTING transparent ring mail (243 gold, have
                  | 47).
  1686 | D:3      | Reached skill level 3 in Fighting
  2234 | D:3      | 2234 ||| UPGRADING to +0 pair of gloves.
  2239 | D:3      | 2239 ||| READING scroll labelled DETHRY WOYZU.
  2240 | D:3      | 2240 ||| READING scroll labelled IBYNTUY ERUON.
  2241 | D:3      | 2241 ||| READING 2 scrolls of identify.
  2241 | D:3      | 2241 ||| IDENTIFYING fuming purple potion
  2242 | D:3      | 2242 ||| DROPPING potion of lignification.
  2250 | D:4      | Noticed Pikel
  2250 | D:4      | Noticed a lemure
  2250 | D:4      | Noticed a lemure
  2251 | D:4      | 2251 ||| PLANNING OSSUARY
  2251 | D:4      | 2251 ||| STAIRDANCE
  2251 | D:4      | Noticed a lemure
  2268 | D:3      | Killed a lemure
  2295 | D:4      | Noticed a lemure
  2298 | D:4      | HP: 5/28 [lemure[Pikel] (7)]
  2299 | D:4      | 2299 ||| READING scroll of teleportation.
  2299 | D:4      | Slain by a lemure

Levels and vault maps discovered:
D:1:      minmay_arrival_loop, layout_basic
D:2:      layout_basic, shapermc_ecumenical_altar_gd
D:3:      minmay_recursive_quarters, layout_basic, serial_shops,
          nicolae_shop_getting_attention, chequers_serial_rivers_small_3
D:4:      layout_rooms, nicolae_hepliaklqana_hazy_memory,
          lightli_ossuary_entry_decrepit_ruins, minmay_small_thing, uniq_pikel,
          uniq_robin, uniq_natasha, uniq_ijyb

Skill      XL: |  1  2  3  4 |
---------------+-------------+-----
Armour         | 1 |  1.0
Ranged Weapons | 5 |  5.6
Fighting       | 3 |  3.0
Dodging        | |  1.5
Stealth        | |  1.1

Action                     |  1- 3 |  4- 6 || total
---------------------------+-------+-------++-------
   Fire: Shortbow          |   112 |    65 ||   177
    Use: Scroll            |    10 |     4 ||    14
         Potion            |     2 |       ||     2
 Armour: Leather armour    |     5 |       ||     5
         Ring mail         |     3 |    41 ||    44
  Dodge: Dodged            |    20 |    33 ||    53

Table legend:
 A = Non-vault XP
 B = Vault XP
 C = Vault XP percentage of total XP
 D = Non-vault monster count
 E = Vault monster count
 F = Vault count percentage of total count
                 A         B        C        D         E       F
            +---------+---------+-------+---------+---------+-------
      Total |     139 |      16 |  10.3 |      54 |       8 |  12.9
            +---------+---------+-------+---------+---------+-------
        D:1 |      33 |       0 |   0.0 |      18 |       0 |   0.0
        D:2 |      34 |       0 |   0.0 |      18 |       0 |   0.0
        D:3 |      72 |      16 |  18.2 |      18 |       8 |  30.8
            +---------+---------+-------+---------+---------+-------
